 Dungeon Crawl Stone Soup version 0.29-a0-830-gcb1280458a (webtiles) character file.

Game seed: 13119596931247011898

746 wilfster70 the Vexing (level 7, -4/32 HPs)
             Began as a Spriggan Enchanter on July 11, 2022.
             Slain by a steam dragon (7 damage)
             ... on level 4 of the Dungeon.
             The game lasted 00:19:24 (7857 turns).

wilfster70 the Vexing (Spriggan Enchanter)          Turns: 7857, Time: 00:19:24

Health: -4/32      AC:  2    Str:  4    XL:     7   Next: 48%
Magic:  13/17      EV: 21    Int: 25    God:
Gold:   222        SH:  0    Dex: 15    Spells: 8/18 levels left

rFire   . . .      SeeInvis +   a - +3 dagger (flame)
rCold   . . .      Faith    .   (no shield)
rNeg    . . .      Spirit   .   d - +0 robe
rPois   .          Reflect  .   (helmet restricted)
rElec   .          Harm     .   (no cloak)
rCorr   .          Rampage  .   (gloves unavailable)
Will    +....                   (boots unavailable)
Stlth   +++.......              (no amulet)
HPRegen 0.10/turn               h - +4 ring of evasion
MPRegen 0.15/turn               r - +6 ring of intelligence

@: very quick
A: very small, no large weapons, unfitting armour, see invisible, speed 3
a: no special abilities


You were on level 4 of the Dungeon.
You visited 1 branch of the dungeon, and saw 5 of its levels.

You collected 222 gold pieces.

Inventory:

Hand Weapons
 a - a +3 dagger of flaming (weapon)
 b - a +0 sling
Missiles
 m - 4 poisoned darts
 u - 2 curare-tipped darts
Armour
 d - a +0 robe (worn)
Jewellery
 g - a ring of willpower
 h - a +4 ring of evasion (left hand)
 r - a +6 ring of intelligence (right hand)
Wands
 q - a wand of mindburst (10)
 t - a wand of iceblast (6)
Scrolls
 f - 2 scrolls of teleportation
 o - 2 scrolls of blinking
Potions
 c - 2 potions of invisibility
 e - a potion of attraction {unknown}
 i - a potion of flight {unknown}
 j - a potion of cancellation {unknown}
 k - 3 potions of curing
 l - a potion of mutation {unknown}
 n - a potion of heal wounds {unknown}
 p - 2 potions of magic {unknown}
 s - 2 potions of might {unknown}


   Skills:
 - Level 1.1 Short Blades
 - Level 2.6 Dodging
 - Level 5.0 Stealth
 - Level 6.0 Spellcasting
 - Level 6.0 Hexes
 + Level 2.3 Summonings
 - Level 3.5 Ice Magic


You had 8 spell levels left.
You knew the following spells:

 Your Spells              Type           Power      Damage    Failure   Level
a - Ensorcelled Hibernat  Hex/Ice        62%        N/A       1%          2
b - Confusing Touch       Hex            37%        N/A       1%          3
c - Summon Mana Viper     Hex/Summ       28%        N/A       36%         5

Your spell library contained the following spells:

 Spells                   Type           Power      Damage    Failure   Level
 Tukima's Dance           Hex            37%        N/A       1%          3
 Ozocubu's Armour         Ice            25%        N/A       4%          3
 Dazzling Flash           Conj/Hex       44%        N/A       6%          3
 Summon Ice Beast         Ice/Summ       22%        N/A       22%         4
 Metabolic Englaciation   Hex/Ice        15%        N/A       28%         5
 Simulacrum               Ice/Necr       8%         N/A       99%         6
 Monstrous Menagerie      Summ           9%         N/A       100%        7


Dungeon Overview and Level Annotations

Branches:
Dungeon (5/15)
 Temple: D:4-7

Altars:
Qazlal
Uskayaw
The Shining One

Shops:
D:5 ?([[


Innate Abilities, Weirdness & Mutations

You are very small and have problems with some larger weapons.
You are too small for most types of armour.
You have supernaturally acute eyesight. (SInv)
You cover ground extremely quickly. (Speed+++)


Message History

The jackal misses you. The steam dragon breathes steam at you.
The ball of steam hits you!
The ball of steam hits the jackal!!
The jackal dies!
You climb upwards.
There is a stone staircase leading down here.
Casting: Ensorcelled Hibernation (safe; 1% risk of failure)
Confirm with . or Enter, or press ? or * to list all spells.
Aiming: Ensorcelled Hibernation (safe; 1% risk of failure)
Press: ? - help, Shift-Dir - straight line, f - steam dragon
Aim: a steam dragon (catching its breath, chance to affect: 61%)
The steam dragon looks drowsy...
The helpless steam dragon fails to defend itself.
You puncture the steam dragon! You burn the steam dragon!
The steam dragon is severely wounded.
The steam dragon completely misses you. x2
Casting: Ensorcelled Hibernation (safe; 1% risk of failure)
Confirm with . or Enter, or press ? or * to list all spells.
Your hands begin to glow red.
The steam dragon breathes steam at you. The ball of steam misses you.
You are engulfed in a cloud of scalding steam.
The steam dragon completely misses you. The steam dragon closely misses you.
You barely miss the steam dragon.
The steam dragon is severely wounded.
You are engulfed in a cloud of scalding steam.
The steam dragon completely misses you. x2
You completely miss the steam dragon.
The steam dragon is severely wounded.
You are engulfed in a cloud of scalding steam.
* * * LOW HITPOINT WARNING * * *
The steam dragon breathes steam at you. The ball of steam misses you.
You hit the steam dragon but do no damage.
The steam dragon appears confused.
The steam dragon is severely wounded.
You are engulfed in a cloud of scalding steam.
* * * LOW HITPOINT WARNING * * *
The steam dragon bites you!
You die...

##'###....#
#.#...........
#.........#
#.#.....#####.
#.......#.#
#.'........##.
#.......#.#
###........##.
#.......#.#
#........##.
#.......#.#
#........##.
#.........#
#####....##.
##+#####†D#
#######.
#.......@# ##
##########


You could see a steam dragon (confused, catching breath).

Vanquished Creatures
  A black bear (D:4)
  An ice beast (D:4)
  A centaur (D:5)
  A quasit (D:4)
  2 hounds (D:4)
  An orc priest (D:3)
  3 iguanas
  Natasha (twice) (D:3)
  An orc wizard (D:2)
  Robin (D:1)
  4 gnolls
  6 adders
  2 dart slugs
  5 orcs (D:3)
  11 ball pythons
  7 bats
  11 endoplasms
  7 giant cockroaches
  17 goblins
  7 hobgoblins
  4 jackals
  6 kobolds
  4 frilled lizards
  8 rats
113 creatures vanquished.

Vanquished Creatures (others)
  A jackal (D:5)
1 creature vanquished.

Grand Total: 114 creatures vanquished

Notes
Turn   | Place    | Note
-------+----------+-------------------------------------------
     0 | D:1      | wilfster70 the Spriggan Enchanter began the quest for the
                  | Orb.
     0 | D:1      | Reached XP level 1. HP: 9/9 MP: 5/5
   530 | D:1      | Reached XP level 2. HP: 6/13 MP: 6/6
   695 | D:1      | Learned a level 2 spell: Ensorcelled Hibernation
  1968 | D:1      | Reached XP level 3. HP: 16/16 MP: 5/8
  2296 | D:2      | Reached skill level 5 in Stealth
  2382 | D:2      | Noticed Robin
  2886 | D:1      | Learned a level 3 spell: Confusing Touch
  3353 | D:1      | Killed Robin
  3354 | D:1      | Reached skill level 1 in Ice Magic
  3354 | D:1      | Reached XP level 4. HP: 21/21 MP: 5/10
  3435 | D:2      | Reached skill level 5 in Hexes
  4325 | D:3      | Noticed an earth elemental
  4333 | D:3      | Found a stormy altar of Qazlal.
  4349 | D:3      | Noticed a water elemental
  4349 | D:3      | Noticed a fire elemental
  4349 | D:3      | Noticed an air elemental
  4355 | D:3      | Noticed Natasha
  4362 | D:3      | Killed Natasha
  4435 | D:3      | Noticed Natasha
  4444 | D:3      | Killed Natasha
  4445 | D:3      | Reached XP level 5. HP: 16/24 MP: 8/11
  5419 | D:3      | Found a faded altar of an unknown god.
  6026 | D:3      | Reached XP level 6. HP: 16/28 MP: 10/13
  6500 | D:4      | Identified the +1 leather armour "Ytzuw" {rPois rN+ Will+
                  | Str-5 SInv}
  6665 | D:4      | Reached skill level 5 in Spellcasting
  6979 | D:4      | Learned a level 5 spell: Summon Mana Viper
  7189 | D:5      | Entered Level 5 of the Dungeon
  7189 | D:5      | Found Poyn Efu's Armour Shoppe.
  7190 | D:5      | Found Ynuos's Magic Scroll Shoppe.
  7190 | D:5      | Found Ohipush's Armour Shoppe.
  7191 | D:5      | Found Ishobag's Antique Weapon Shoppe.
  7238 | D:5      | Noticed a steam dragon
  7253 | D:4      | Reached XP level 7. HP: 30/32 MP: 11/16
  7350 | D:4      | Reached skill level 1 in Summonings
  7524 | D:5      | Found a glowing golden altar of the Shining One.
  7525 | D:5      | Found a hide-covered altar of Uskayaw.
  7857 | D:4      | Slain by a steam dragon

Illustrated notes

Levels and vault maps discovered:
D:1:      lightli_arrival_noodles, layout_basic
D:2:      layout_loops_ring, uniq_robin
D:3:      layout_loops_ring, nicolae_qazlal_style_of_elements,
          nicolae_ecumenical_snake_handling, uniq_natasha
D:4:      layout_basic, minmay_statues_item
D:5:      layout_cave_pools, minitemple, mainiacjoe_overflow_six_doors_small,
          serial_demonic, serial_demonic_c, serial_demonic_g, serial_demonic_c,
          serial_demonic_g, minmay_shop_grid_forest

Skill      XL: |  1  2  3  4  5  6  7 |
---------------+----------------------+-----
Hexes          | 4 5 6 |  6.0
Spellcasting   | 3 4 5 6 |  6.0
Stealth        | 5 |  5.0
Ice Magic      | 1 2 3 |  3.5
Summonings     | 2 |  2.3
Short Blades   | |  1.1
Dodging        | |  2.6

Action                   |  1- 3 |  4- 6 |  7- 9 || total
-------------------------+-------+-------+-------++-------
Melee: Dagger            |    72 |    85 |    25 ||   182
 Fire: Sling             |    19 |       |       ||    19
 Cast: Ensorcelled Hiber |    44 |    78 |    10 ||   132
       Confusing Touch   |       |     1 |     3 ||     4
  Use: Scroll            |    11 |     2 |     1 ||    14
 Stab: Sleeping          |    28 |    50 |     4 ||    82
       Confused          |       |       |     3 ||     3
Armor: Robe              |     8 |     4 |     7 ||    19
Dodge: Dodged            |    60 |   100 |    66 ||   226

Table legend: (Time is in decaauts)
 A = Elapsed time spent in this place.
 B = Non-inter-level travel time spent in this place.
 C = Inter-level travel time spent in this place.
 D = Time resting spent in this place.
 E = Time spent auto-exploring this place.
 F = Levels seen in this place.
 G = Mean time per level.
                   A        B        C        D        E       F      G
               +--------+--------+--------+--------+--------+-----+--------+
         Total |   6364 |   6222 |    142 |   3349 |   1231 |   5 | 1272.8 |
       Dungeon |   6364 |   6222 |    142 |   3349 |   1231 |   5 | 1272.8 |
               +--------+--------+--------+--------+--------+-----+--------+

Top non-repeatable levels by time:
     D:1: 2043 daAuts
     D:3: 1738 daAuts
     D:2: 1491 daAuts
     D:4: 975 daAuts
     D:5: 115 daAuts
